 Dungeon Crawl Stone Soup version 0.29-a0-359-g541a27f54d (webtiles) character file.

Game seed: 6017127821207481367

30 zeratav the Shooter (level 3, -9/21 HPs)
             Began as a Tengu Hunter on Apr 27, 2022.
             Mangled by Sigmund
             ... wielding a +0 scythe
              (12 damage)
             ... on level 2 of the Dungeon.
             The game lasted 00:03:01 (1787 turns).

zeratav the Shooter (Tengu Hunter)                  Turns: 1787, Time: 00:03:02

Health: -9/21      AC:  3    Str: 11    XL:     3   Next: 20%
Magic:  4/4        EV: 12    Int:  9    God:
Gold:   65         SH:  0    Dex: 19    Spells: 2/2 levels left

rFire   . . .      SeeInvis .   a - +1 shortbow {bow}
rCold   . . .      Faith    .   (shield currently unavailable)
rNeg    . . .      Spirit   .   b - +0 leather armour
rPois   .          Reflect  .   (helmet restricted)
rElec   .          Harm     .   (no cloak)
rCorr   .          Rampage  .   (no gloves)
Will    .....                   (boots unavailable)
Stlth   ++........              (no amulet)
HPRegen 0.07/turn               (no ring)
MPRegen 0.09/turn               (no ring)

@: no status effects
A: beak, talons 3
a: no special abilities


You were on level 2 of the Dungeon.
You visited 1 branch of the dungeon, and saw 2 of its levels.

You collected 65 gold pieces.


Innate Abilities, Weirdness & Mutations

You have a beak for a mouth.
You have claws for feet.


   Skills:
 - Level 2.0 Fighting
 + Level 5.5 Bows
 - Level 2.1 Dodging
 - Level 1.0 Stealth


You had 2 spell levels left.
You didn't know any spells.
Your spell library contained the following spells:

 Spells                   Type           Power      Damage    Failure   Level
 Ensorcelled Hibernation  Hex/Ice        0%         N/A       63%         2
 Spider Form              Tmut/Pois      0%         N/A       85%         3
 Anguish                  Hex/Necr       0%         N/A       99%         4

Inventory:

Hand Weapons
 a - a +1 shortbow (weapon) {bow}
Armour
 b - a +0 leather armour (worn)
 i - a +0 robe
   (You found it on level 1 of the Dungeon)
Scrolls
 c - a scroll of immolation {!r!r}
 d - a scroll of identify {unknown}
 e - a scroll of fog {unknown}
Potions
 f - a potion of flight {unknown}
 g - a potion of ambrosia {unknown}
 h - a potion of invisibility
 j - 2 potions of haste {unknown}

Dungeon Overview and Level Annotations

Branches:
Dungeon (2/15)

Altars:

Annotations:
D:2 Sigmund

#.........#
$..# #
#......####
.....#
#......#
##...##
#..#.#.# ##.##
#..#.#.# #.#
#.#....# #.#
#......#
####.#####
#...{.@.#
#.#..##.#
####.#<..#.##
.....).......+
.####.#...#.##
#.......#
####.#### #.#
#.#


There were no monsters in sight!


Message History

Done waiting.
You climb downwards.
Level annotation: Sigmund
There is a stone staircase leading up here.
You shoot an arrow. The arrow closely misses Sigmund.
Sigmund gestures at you while chanting. The magic dart hits you!
You are too injured to fight recklessly!
HP[-7]
You take 7 damage, and now have 14/21 hp.
MASSIVE DAMAGE!! (PAUSE)
You are too injured to fight recklessly!
You are too injured to fight recklessly!
Shoot: a) +1 shortbow {bow}
Press: ? - help, Q - select action Shift-Dir - straight line, f/p - Sigmund
Aim: Sigmund, wielding a +0 scythe and wearing a +0 robe (62% to hit)
You shoot an arrow. The arrow closely misses Sigmund.
Sigmund giggles. "Time to reap what you sow."
Sigmund casts a spell at you. You resist with significant effort.
Shoot: a) +1 shortbow {bow}
Press: ? - help, Q - select action Shift-Dir - straight line, f/p - Sigmund
Aim: Sigmund, wielding a +0 scythe and wearing a +0 robe (62% to hit)
You shoot an arrow. The arrow barely misses Sigmund.
Shoot: a) +1 shortbow {bow}
Press: ? - help, Q - select action Shift-Dir - straight line, f/p - Sigmund
Aim: Sigmund, wielding a +0 scythe and wearing a +0 robe (62% to hit)
You shoot an arrow.
The arrow hits Sigmund but does no damage.
Sigmund hits you from afar with a +0 scythe.
* * * LOW HITPOINT WARNING * * *
HP[-6]
You take 6 damage, and now have 8/21 hp.
MASSIVE DAMAGE!! (PAUSE) Shoot: a) +1 shortbow {bow}
Press: ? - help, Q - select action Shift-Dir - straight line, f/p - Sigmund
Aim: Sigmund, wielding a +0 scythe and wearing a +0 robe (62% to hit)
You shoot an arrow. The arrow barely misses Sigmund.
Sigmund closely misses you.
Shoot: a) +1 shortbow {bow}
Press: ? - help, Q - select action Shift-Dir - straight line, f/p - Sigmund
Aim: Sigmund, wielding a +0 scythe and wearing a +0 robe (62% to hit)
You shoot an arrow.
The arrow hits Sigmund but does no damage.
Sigmund casts a spell at you. The magic dart hits you.
* * * LOW HITPOINT WARNING * * *
HP[-6]
You take 6 damage, and now have 2/21 hp.
MASSIVE DAMAGE!! (PAUSE) Sigmund barely misses you.
You climb upwards.
There is a stone staircase leading down here.
You start resting.
HP[+19]
Your hp is fully restored (21).
You climb downwards.
Level annotation: Sigmund
There is a stone staircase leading up here.
Shoot: a) +1 shortbow {bow}
Press: ? - help, Q - select action Shift-Dir - straight line, f - Sigmund
Aim: Sigmund, wielding a +0 scythe and wearing a +0 robe (62% to hit)
You shoot an arrow. The arrow hits Sigmund.
Shoot: a) +1 shortbow {bow}
Press: ? - help, Q - select action Shift-Dir - straight line, f/p - Sigmund
Aim: Sigmund, wielding a +0 scythe and wearing a +0 robe (lightly wounded, 62% to hit)
You shoot an arrow.
The arrow hits Sigmund but does no damage.
Sigmund casts a spell at you. The puff of flame hits you!
Shoot: a) +1 shortbow {bow}
Press: ? - help, Q - select action Shift-Dir - straight line, f/p - Sigmund
Aim: Sigmund, wielding a +0 scythe and wearing a +0 robe (lightly wounded, 62% to hit)
You shoot an arrow. The arrow closely misses Sigmund.
Sigmund misses you.
Shoot: a) +1 shortbow {bow}
Press: ? - help, Q - select action Shift-Dir - straight line, f/p - Sigmund
Aim: Sigmund, wielding a +0 scythe and wearing a +0 robe (lightly wounded, 62% to hit)
You shoot an arrow. The arrow hits Sigmund.
Sigmund completely misses you.
Shoot: a) +1 shortbow {bow}
Press: ? - help, Q - select action Shift-Dir - straight line, f/p - Sigmund
Aim: Sigmund, wielding a +0 scythe and wearing a +0 robe (moderately wounded, 62% to hit)
You shoot an arrow. The arrow hits Sigmund!
Sigmund hits you from afar with a +0 scythe!
* * * LOW HITPOINT WARNING * * *
Shoot: a) +1 shortbow {bow}
Press: ? - help, Q - select action Shift-Dir - straight line, f/p - Sigmund
Aim: Sigmund, wielding a +0 scythe and wearing a +0 robe (heavily wounded, 62% to hit)
You shoot an arrow. The arrow hits Sigmund!
Shoot: a) +1 shortbow {bow}
Press: ? - help, Q - select action Shift-Dir - straight line, f/p - Sigmund
Aim: Sigmund, wielding a +0 scythe and wearing a +0 robe (almost dead, 62% to hit)
You shoot an arrow. The arrow hits Sigmund.
Sigmund mumbles some strange words.
Sigmund flickers and vanishes!
Deactivating autopickup; reactivate with Ctrl-A.
Something hits you!
Ouch! That really hurt!
You die...

Skill      XL: |  1  2 |
---------------+-------+-----
Bows           | 5 |  5.5
Fighting       | |  2.0
Dodging        | |  2.1
Stealth        | |  1.0

Action                   || total
-------------------------++-------
 Fire: Shortbow          ||    56
Armor: Leather armour    ||     1
Dodge: Dodged            ||    11

Levels and vault maps discovered:
D:1:      tarquinn_simple_flora_water_b, layout_basic,
          shapermc_ecumenical_altar_mp_vishouse
D:2:      minmay_roachtagon, layout_loops_corners, uniq_sigmund

Notes
Turn   | Place    | Note
-------+----------+-------------------------------------------
     0 | D:1      | zeratav the Tengu Hunter began the quest for the Orb.
     0 | D:1      | Reached XP level 1. HP: 12/12 MP: 2/2
     0 | D:1      | magus.rc [v1.9.6]
    97 | D:1      | Reached XP level 2. HP: 17/17 MP: 3/3
   168 | D:1      | Reached skill level 5 in Bows
   304 | D:1      | You pick up a book of Dreams and begin reading...
   304 | D:1      | You add the spells Ensorcelled Hibernation, Spider Form and
                  | Anguish to your library.
   454 | D:1      | Reached XP level 3. HP: 21/21 MP: 4/4
   696 | D:1      | Found a faded altar of an unknown god.
   873 | D:2      | Noticed Sigmund
  1516 | D:2      | HP: 2/21 [Sigmund/magic dart (6)]
  1785 | D:2      | HP: 3/21 [Sigmund/+0 scythe (8)]
  1787 | D:2      | Mangled by Sigmund

Vanquished Creatures
  A ball python (D:1)
  2 endoplasms (D:1)
  3 goblins
  7 hobgoblins
  5 jackals (D:1)
  A quokka (D:2)
  A bat (D:1)
  2 frilled lizards
  3 rats (D:1)
25 creatures vanquished.

Table legend:
 A = Non-vault XP
 B = Vault XP
 C = Vault XP percentage of total XP
 D = Non-vault monster count
 E = Vault monster count
 F = Vault count percentage of total count
                 A         B        C        D         E       F
            +---------+---------+-------+---------+---------+-------
      Total |      44 |       0 |   0.0 |      25 |       0 |   0.0
            +---------+---------+-------+---------+---------+-------
        D:1 |      37 |       0 |   0.0 |      21 |       0 |   0.0
        D:2 |       7 |       0 |   0.0 |       4 |       0 |   0.0
            +---------+---------+-------+---------+---------+-------

Illustrated notes

Table legend:
 A = Kills in this place as a percentage of kills in entire the game.
 B = Kills by you in this place as a percentage of kills by you in the entire game.
 C = Kills by friends in this place as a percentage of kills by friends in the entire game.
 D = Other kills in this place as a percentage of other kills in the entire game.
 E = Experience gained in this place as a percentage of experience gained in the entire game.
 F = Experience gained in this place divided by the number of levels of this place that you have seen.
                   A       B       C       D       E      F
               +-------+-------+-------+-------+-------+----------------------
         Total | 100.0 | 100.0 |   N/A |   N/A | 100.0 |  22.0
       Dungeon | 100.0 | 100.0 |   N/A |   N/A | 100.0 |  22.0
               +-------+-------+-------+-------+-------+----------------------

Table legend: (Time is in decaauts)
 A = Elapsed time spent in this place.
 B = Non-inter-level travel time spent in this place.
 C = Inter-level travel time spent in this place.
 D = Time resting spent in this place.
 E = Time spent auto-exploring this place.
 F = Levels seen in this place.
 G = Mean time per level.
                   A        B        C        D        E       F      G
               +--------+--------+--------+--------+--------+-----+--------+
         Total |   1806 |   1781 |     25 |    789 |    776 |   2 |  903.0 |
       Dungeon |   1806 |   1781 |     25 |    789 |    776 |   2 |  903.0 |
               +--------+--------+--------+--------+--------+-----+--------+

Top non-repeatable levels by time:
     D:1: 1710 daAuts
     D:2: 96 daAuts
